Cogmind - Beta 12 *** ADVENTURER MODE // 2023.03.07 @ 18:33:34 Player: h0rm1g4 Result: Self-destructed Performance ------------- Evolutions (4) 2000 Regions Visited (9) 1800 Robots Destroyed (90) 450 Value Destroyed (3236) 3236 Prototype IDs (4) 80 Alien Tech Used (0) 0 Bonus (343) 343 TOTAL SCORE: 7909 Bonus ------- High Alert Combat Kills 170 Follower Combat Kills 173 Cogmind --------- Core Integrity 171/850 Matter 258/300 Energy 95/100 System Corruption 7% Temperature Cool (0) Movement Core (350) Ox6 Location -6/Factory Parts ------- > --- POWER (1) -------- (None) > --- PROPULSION (3) --- (None) > --- UTILITY (9) ------ Large Storage Unit Visual Processing Unit Improved Signal Interpreter > --- WEAPON (2) ------- (None) > --- INVENTORY (15) --- Light Nuclear Core Micro Nuclear Core VTOL Module Xenon Bombardment Thruster Small Storage Unit Medium Matter Pod (100) Advanced ECM Suite Peak State ------------ > --- POWER ------------ Light Nuclear Core > --- PROPULSION ------- Wheel Armored Huge Wheel > --- UTILITY ---------- Medium Storage Unit Improved Sensor Array Improved Signal Interpreter Targeting Computer Hardened Light Armor Plating Improved Medium Armor Plating Improved Shield Generator Trap Extractor > --- WEAPON ----------- Gatling Laser Mini Grenade Launcher > --- INVENTORY -------- Light Ion Engine Wheel VTOL Module Xenon Bombardment Thruster Small Storage Unit Medium Matter Pod Terrain Scan Processor Advanced ECM Suite Magnetic Acceleration Cannon EMP Blaster [Rating: 40] Favorites ----------- Power Light Ion Engine Engine Light Ion Engine Power Core Light Nuclear Core Propulsion Aluminum Leg Leg Aluminum Leg Wheel Wheel Hover Unit Gravmag System Flight Unit Cooled VTOL Module Utility Medium Storage Unit Device Improved Sensor Array Storage Medium Storage Unit Processor Improved Signal Interpreter Protection Improved Medium Armor Plating Weapon Assault Rifle Energy Gun Beam Rifle Energy Cannon Particle Cannon Ballistic Gun Assault Rifle Ballistic Cannon Magnetic Acceleration Cannon Launcher Mini Grenade Launcher Piercing Weapon Lance Build | -11 -10 -10 -10 -9 -8 -7 -7 -7 -6 ------- Run | Jun Mat Min Exi Min Mat Fac Low Low Fac Slots Evolved 8 | . . . . . 4 2 . . 2 Power . | . . . . . . . . . . Propulsion 1 | . . . . . 1 . . . . Utility 7 | . . . . . 3 2 . . 2 Weapon . | . . . . . . . . . . Parts Attached 71 | 4 5 5 1 1 25 13 1 . 16 Power 13 | 1 1 3 . . 4 2 . . 2 Engine 10 | 1 1 3 . . 4 1 . . . Core 3 | . . . . . . 1 . . 2 Reactor . | . . . . . . . . . . Propulsion 20 | 2 . . 1 . 9 3 . . 5 Treads . | . . . . . . . . . . Leg 12 | 2 . . 1 . 7 . . . 2 Wheel 6 | . . . . . 2 2 . . 2 Hover 1 | . . . . . . . . . 1 Flight 1 | . . . . . . 1 . . . Utility 21 | 1 2 1 . 1 6 4 1 . 5 Device 9 | . 1 1 . 1 2 3 1 . . Storage 4 | 1 1 . . . . . . . 2 Processor 3 | . . . . . 2 . . . 1 Hackware . | . . . . . . . . . . Protection 5 | . . . . . 2 1 . . 2 Artifact . | . . . . . . . . . . Weapon 17 | . 2 1 . . 6 4 . . 4 Energy Gun 6 | . . 1 . . 3 2 . . . Energy Cannon 1 | . . . . . . 1 . . . Ballistic Gun 5 | . 2 . . . 2 . . . 1 Ballistic Cannon 1 | . . . . . . . . . 1 Launcher 3 | . . . . . 1 1 . . 1 Special Weapon . | . . . . . . . . . . Impact Weapon . | . . . . . . . . . . Slashing Weapon . | . . . . . . . . . . Piercing Weapon 1 | . . . . . . . . . 1 Special Melee Weapon . | . . . . . . . . . . Unidentified Prototypes 4 | . . 1 . . 2 1 . . . Parts Lost 25 | . . . . . 3 5 . . 17 Power 4 | . . . . . 2 1 . . 1 Propulsion 5 | . . . . . . 1 . . 4 Utility 10 | . . . . . 1 2 . . 7 Weapon 6 | . . . . . . 1 . . 5 Highest Loss Streak 11 | . . . . . 2 4 . . 11 To Critical Strikes . | . . . . . . . . . . Average Slot Usage (%) 86 | . 91 100 99 99 79 79 86 92 74 Engine 6 | . 14 14 14 14 8 2 . . . Core 2 | . . . . . . 4 7 7 5 Leg 13 | . 28 28 28 28 21 . . . . Wheel 6 | . . . . . . 12 15 15 10 Device 13 | . 7 14 13 13 6 15 17 23 11 Storage 9 | . 14 14 14 14 9 7 7 7 6 Processor 9 | . . . . . 11 15 15 15 14 Protection 4 | . . . . . 3 4 7 7 9 Energy Gun 6 | . . 10 14 14 7 3 7 7 1 Ballistic Gun 8 | . 26 17 14 14 8 1 . . 3 Launcher 2 | . . . . . 1 6 7 7 1 Naked Turns . | . . . . . . . . . . Heaviest Build 59 | 8 17 22 22 19 27 32 34 34 59 Greatest Support 38 | 20 20 20 20 20 35 38 38 38 38 Greatest Overweight (x) 9 | . . 1 1 . 3 1 . . 9 Average Overweight (x) . | . . . . . . . . . 1 Largest Inventory Capacity 15 | 8 10 10 10 10 10 10 10 10 15 Average Capacity 10 | 7 8 10 10 10 10 10 10 10 10 Most Carried 10 | 4 9 10 10 10 10 10 10 10 10 Average Carried 9 | 1 6 9 10 9 8 8 10 10 9 Final Capacity 15 | 8 10 10 10 10 10 10 10 10 15 Final Carried 10 | 2 9 10 10 9 8 10 10 10 7 Class Distribution -------------------- 58% | Scavenger-Mutant 41% | Mutant Dominant Class ---------------- Mutant | -10/Materials Mutant | -10/Mines Mutant | -10/Exiles Mutant | -9/Mines Scavenger-Mutant | -8/Materials Scavenger-Mutant | -7/Factory Scavenger-Mutant | -7/Lower Caves Scavenger-Mutant | -7/Lower Caves Scavenger-Mutant | -6/Factory Resources | -11 -10 -10 -10 -9 -8 -7 -7 -7 -6 ----------- Run | Jun Mat Min Exi Min Mat Fac Low Low Fac Matter Collected 1985 | 167 180 193 . 26 410 431 186 . 392 Remotely . | . . . . . . . . . . Salvage Created 2861 | . 280 46 . . 892 840 136 . 667 Parts 179 | . 20 4 . . 62 58 9 . 26 Haulers Intercepted 2 | . . . . . 1 1 . . . Recyclers Shooed . | . . . . . . . . . . Parts Field Recycled . | . . . . . . . . . . Retrieved Matter . | . . . . . . . . . . Parts Self-Destructed 7 | . . . . . . . 7 . . Prevented . | . . . . . . . . . . Kills | -11 -10 -10 -10 -9 -8 -7 -7 -7 -6 ------- Run | Jun Mat Min Exi Min Mat Fac Low Low Fac Combat Hostiles Destroyed 60 | . 7 3 . . 15 19 5 . 11 Guns 24 | . 7 3 . . 10 2 1 . 1 Cannons 10 | . . . . . . 1 . . 9 AOE 26 | . . . . . 5 16 4 . 1 Classes Destroyed 14 | . 3 . . . 6 5 . . . Worker 4 | . . . . . . 4 . . . Builder 8 | . . . . . 2 6 . . . Tunneler 2 | . . . . . . 2 . . . Hauler 2 | . . . . . 1 1 . . . Recycler 3 | . . . . . 1 1 . . 1 Operator 2 | . . . . . . 2 . . . Watcher 9 | . 2 . . . 3 2 . . 2 Swarmer 8 | . 3 3 . . . . 2 . . Grunt 34 | . 4 . . . 9 15 . . 6 Brawler 1 | . . . . . . 1 . . . Duelist 2 | . . . . . 1 1 . . . Sentry 7 | . . . . . 4 1 1 . 1 Hunter 3 | . . . . . 1 . 1 . 1 Programmer 5 | . . . . . . 1 1 . 3 Best Kill Streak 13 | . 6 1 . . 5 13 3 . 5 Combat Bots Only 9 | . 5 1 . . 5 9 3 . 5 Max Kills in Single Turn 4 | . 1 1 . . 4 4 2 . 2 Gunslinging . | . . . . . . . . . . Exploded 2 | . . . . . 2 2 2 . 1 Melee . | . . . . . . . . . . Uniques/NPCs Destroyed . | . . . . . . . . . . Combat | -11 -10 -10 -10 -9 -8 -7 -7 -7 -6 -------- Run | Jun Mat Min Exi Min Mat Fac Low Low Fac Damage Taken 4724 | . 121 54 . . 724 863 143 . 2819 Core 913 | . 16 13 . . 84 108 13 . 679 Absorbed by Shields 184 | . . . . . . 49 50 . 85 Core Remaining (%) 88 | 100 . . . 88 84 . . 82 . Volleys Fired 168 | . 19 7 . 2 49 40 7 . 44 Largest 2 | . 2 2 . 2 2 2 2 . 2 Hottest 133 | . 40 76 . 76 81 98 110 . 133 Shots Fired 319 | . 38 14 . 4 95 75 12 . 81 Gun 213 | . 38 14 . 4 86 20 7 . 44 Cannon 52 | . . . . . . 20 . . 32 Launcher 54 | . . . . . 9 35 5 . 5 Special . | . . . . . . . . . . Kinetic 163 | . 38 10 . 2 49 2 . . 62 Thermal 84 | . . 4 . 2 37 20 7 . 14 Explosive 54 | . . . . . 9 35 5 . 5 Electromagnetic 18 | . . . . . . 18 . . . Robot Hit Streak 46 | . 6 3 . 2 13 46 11 . 12 Robot Miss Streak 9 | . 2 4 . 1 2 1 4 . 9 Penetration Max . | . . . . . . . . . . Secondary Targets 4 | . 2 1 . . 1 . . . . Max Gunslinging Chain 1 | . 1 1 . . 1 . . . . Shots Hit Robots 250 | . 26 7 . 3 75 65 9 . 65 Core Hits 188 | . 16 5 . 2 44 72 11 . 38 Critical Kills . | . . . . . . . . . . Critical Parts Destroyed . | . . . . . . . . . . Critical Strikes 7 | . . . . . 2 . . . 5 Burn 2 | . . . . . 2 . . . . Blast 5 | . . . . . . . . . 5 Melee Attacks 4 | . . . . . . . . . 4 Impact . | . . . . . . . . . . Slashing . | . . . . . . . . . . Piercing 4 | . . . . . . . . . 4 Sneak Attacks . | . . . . . . . . . . Combat Hostiles . | . . . . . . . . . . Follow-up Attacks . | . . . . . . . . . . Damage Inflicted 7863 | . 290 119 . 40 1695 3660 388 . 1671 Guns 2493 | . 289 109 . 40 1055 289 168 . 543 Cannons 1211 | . . . . . . 410 . . 801 Explosions 4060 | . . . . . 640 2961 220 . 239 Melee 87 | . . . . . . . . . 87 Ramming 12 | . 1 10 . . . . . . 1 Kinetic 2160 | . 289 67 . 12 603 31 . . 1158 Thermal 1900 | . . 42 . 28 452 1024 168 . 186 Explosive 3446 | . . . . . 640 2347 220 . 239 Electromagnetic 258 | . . . . . . 258 . . . Impact . | . . . . . . . . . . Slashing . | . . . . . . . . . . Piercing 87 | . . . . . . . . . 87 Highest Corruption 7 | . . . . . . 2 1 1 7 Average Corruption 1 | . . . . . . 1 1 1 2 Corruption Purged 2 | . . . . . . 2 . . . Corruption Blocked . | . . . . . . . . . . Effects 14 | . . . . . . 3 3 . 8 Message Errors 4 | . . . . . . 1 1 . 2 Matter Fused 4 | . . . . . . 1 . . 3 Energy Discharges 1 | . . . . . . . . . 1 Data Loss (minor) 5 | . . . . . . 1 2 . 2 Overload Shots . | . . . . . . . . . . Overflow Damage 193 | . . . . . 28 160 . . 5 Projectiles . | . . . . . . . . . . Explosions 193 | . . . . . 28 160 . . 5 Melee . | . . . . . . . . . . Knockbacks 8 | . . 1 . . . . . . 7 Impact 1 | . . 1 . . . . . . . Kinetic 7 | . . . . . . . . . 7 Secondary . | . . . . . . . . . . Self-Inflicted Damage 326 | . . . . . 31 291 . . 4 Shots 15 | . . . . . 2 12 . . 1 Rammed 2 | . . . . . . . . . 2 Targets Rammed 4 | . 1 1 . . . . . . 2 Kicked 2 | . 1 1 . . . . . . . Crushed . | . . . . . . . . . . Highest Temperature 155 | . 36 15 . 30 131 155 66 . 127 Average Temperature 33 | . 10 10 . 16 37 34 25 . 35 Received Heat Transfer 1248 | . 87 9 . . 315 288 28 . 521 Siege Activations . | . . . . . . . . . . Robots Corrupted 1 | . . . . . . 1 . . . Combat Hostiles . | . . . . . . . . . . Parts Fried 2 | . . . . . . 2 . . . Impact Corruptions . | . . . . . . . . . . Robots Melted . | . . . . . . . . . . Combat Hostiles . | . . . . . . . . . . Parts Melted 2 | . . 1 . . . . 1 . . Heat Transferred 3470 | . . 111 . 74 1295 1190 375 . 425 Parts Sabotaged . | . . . . . . . . . . Parts Stolen . | . . . . . . . . . . Parts Stripped . | . . . . . . . . . . Power Chain Reactions . | . . . . . . . . . . Missiles Intercepted . | . . . . . . . . . . Alert | -11 -10 -10 -10 -9 -8 -7 -7 -7 -6 ------- Run | Jun Mat Min Exi Min Mat Fac Low Low Fac Peak Influence 932 | . 256 169 . 77 341 932 . . 353 Initial 172 | . . 84 . . 25 132 . . 172 Average 246 | . 158 127 . 11 134 590 . . 223 Maximum Alert Level 3 | . 1 . . . 1 3 . . 1 Low Security (%) 59 | 100 61 100 . 100 72 21 . . 43 Level 1 26 | . 38 . . . 27 13 . . 56 Level 2 2 | . . . . . . 11 . . . Level 3 11 | . . . . . . 53 . . . Level 4 . | . . . . . . . . . . Level 5 . | . . . . . . . . . . High Security . | . . . . . . . . . . Max Security . | . . . . . . . . . . Squads Dispatched 16 | . . . . . 4 6 . . 6 Investigation 1 | . . . . . . . . . 1 Extermination 2 | . . . . . . 1 . . 1 Reinforcement 4 | . . . . . 1 2 . . 1 Assault . | . . . . . . . . . . Garrison 9 | . . . . . 3 3 . . 3 Intercept . | . . . . . . . . . . Searches Triggered . | . . . . . . . . . . Construction Impeded 2 | . . . . . 1 1 . . . Haulers Reinforced . | . . . . . . . . . . Active Scanning Responses . | . . . . . . . . . . Cargo Convoy Interrupts . | . . . . . . . . . . Stealth | -11 -10 -10 -10 -9 -8 -7 -7 -7 -6 --------- Run | Jun Mat Min Exi Min Mat Fac Low Low Fac Distress Signals 3 | . 1 . . . 1 1 . . . Communications Jammed . | . . . . . . . . . . Distress Signals . | . . . . . . . . . . Times Spotted 105 | . 13 9 . 2 20 26 5 . 30 Peak Tracking Total 10 | . 6 3 . 2 4 5 3 . 10 Tactical Retreats 5 | . 1 . . . . 2 . . 2 Traps | -11 -10 -10 -10 -9 -8 -7 -7 -7 -6 ------- Run | Jun Mat Min Exi Min Mat Fac Low Low Fac Traps Triggered 9 | . . . . . 6 1 . . 2 Indirectly . | . . . . . . . . . . Trap Hack Attempts . | . . . . . . . . . . Triggered . | . . . . . . . . . . Disarmed . | . . . . . . . . . . Reprogrammed . | . . . . . . . . . . Reused . | . . . . . . . . . . Traps Extracted . | . . . . . . . . . . Installed 1 | . . . . 1 . . . . . Triggered . | . . . . . . . . . . Machines | -11 -10 -10 -10 -9 -8 -7 -7 -7 -6 ---------- Run | Jun Mat Min Exi Min Mat Fac Low Low Fac Machines Disabled 25 | . . . . 1 1 21 . . 2 Max in Single Turn 15 | . . . . . 1 15 . . 1 Machines Repaired . | . . . . . . . . . . Machines Sabotaged . | . . . . . . . . . . Overloaded Fab Kills . | . . . . . . . . . . Hacking | -11 -10 -10 -10 -9 -8 -7 -7 -7 -6 --------- Run | Jun Mat Min Exi Min Mat Fac Low Low Fac Machines Accessed 6 | . 2 1 1 . . 1 . . 1 Terminals 4 | . 2 . . . . 1 . . 1 Fabricators . | . . . . . . . . . . Repair Stations . | . . . . . . . . . . Recycling Units . | . . . . . . . . . . Scanalyzers . | . . . . . . . . . . Garrison Access . | . . . . . . . . . . Total Hacks 30 | . 3 1 23 . . 1 . . 2 Successful 28 | . 2 1 23 . . . . . 2 Failed 2 | . 1 . . . . 1 . . . Catastrophic . | . . . . . . . . . . Database Lockouts . | . . . . . . . . . . Manual . | . . . . . . . . . . Terminals 6 | . 3 . . . . 1 . . 2 Fabricators . | . . . . . . . . . . Repair Stations . | . . . . . . . . . . Recycling Units . | . . . . . . . . . . Scanalyzers . | . . . . . . . . . . Garrison Access . | . . . . . . . . . . Terminal Hacks 28 | . 2 1 23 . . . . . 2 Record 23 | . . . 23 . . . . . . Robot Analysis 1 | . 1 . . . . . . . . Open Door 1 | . . 1 . . . . . . . Locate Traps 2 | . 1 . . . . . . . 1 Zone Layout 1 | . . . . . . . . . 1 Fabricator Hacks . | . . . . . . . . . . Repair Station Hacks . | . . . . . . . . . . Recycling Unit Hacks . | . . . . . . . . . . Scanalyzer . | . . . . . . . . . . Garrison Access Hacks . | . . . . . . . . . . Unauthorized Hacks . | . . . . . . . . . . Terminals . | . . . . . . . . . . Fabricators . | . . . . . . . . . . Repair Stations . | . . . . . . . . . . Recycling Units . | . . . . . . . . . . Scanalyzers . | . . . . . . . . . . Garrison Access . | . . . . . . . . . . Data Cores Recovered . | . . . . . . . . . . Used . | . . . . . . . . . . Hacking Detections 1 | . 1 . . . . . . . . Full Trace Events . | . . . . . . . . . . Feedback Events . | . . . . . . . . . . Feedback Blocked . | . . . . . . . . . . Robot Schematics Acquired . | . . . . . . . . . . Robots Built . | . . . . . . . . . . Authchips . | . . . . . . . . . . Time . | . . . . . . . . . . Total Robot Build Rating . | . . . . . . . . . . Part Schematics Acquired . | . . . . . . . . . . Parts Built . | . . . . . . . . . . Authchips . | . . . . . . . . . . Time . | . . . . . . . . . . Total Part Build Rating . | . . . . . . . . . . Parts Repaired . | . . . . . . . . . . Time . | . . . . . . . . . . Parts Recycled . | . . . . . . . . . . Recycled Matter . | . . . . . . . . . . Retrieved Matter . | . . . . . . . . . . Retrieved Components . | . . . . . . . . . . Parts Scanalyzed . | . . . . . . . . . . Part Schematics Acquired . | . . . . . . . . . . Parts Damaged . | . . . . . . . . . . Bothacking | -11 -10 -10 -10 -9 -8 -7 -7 -7 -6 ------------ Run | Jun Mat Min Exi Min Mat Fac Low Low Fac Used RIF Installer . | . . . . . . . . . . Robots Hacked . | . . . . . . . . . . Non-combat . | . . . . . . . . . . Combat . | . . . . . . . . . . Robot Hacks Applied . | . . . . . . . . . . Relay Couplers Released . | . . . . . . . . . . Fabnet Peak Effective % . | . . . . . . . . . . Robots Rewired . | . . . . . . . . . . Allies Hacked . | . . . . . . . . . . Hacks Repelled . | . . . . . . . . . . Allies | -11 -10 -10 -10 -9 -8 -7 -7 -7 -6 -------- Run | Jun Mat Min Exi Min Mat Fac Low Low Fac Total Allies 3 | . . 1 . 2 . . . . . Largest Group 2 | . . 1 1 2 2 . . . . Highest-Rated Group 47 | . . 31 31 47 47 . . . . Highest-Rated Ally 31 | . . 31 31 31 31 . . . . Total Orders 5 | . . . . . . 5 . . . EXPLORE 4 | . . . . . . 4 . . . RETURN 1 | . . . . . . 1 . . . Ally Attacks 46 | . . 6 . 4 21 15 . . . Total Damage 497 | . . 104 . 41 256 96 . . . Kills 7 | . . 4 . 2 1 . . . . Allies Corrupted 1 | . . . . . . 1 . . . Allies Melted . | . . . . . . . . . . Intel | -11 -10 -10 -10 -9 -8 -7 -7 -7 -6 ------- Run | Jun Mat Min Exi Min Mat Fac Low Low Fac Robot Analysis Total 1 | . 1 . . . . . . . . Derelict Logs Recovered 2 | . . 1 . . . . 1 . . Drone Launches 5 | . . . . . . 5 . . . Drone Recoveries 2 | . . . . . . 2 . . . Exploration | -11 -10 -10 -10 -9 -8 -7 -7 -7 -6 ------------- Run | Jun Mat Min Exi Min Mat Fac Low Low Fac Turns Passed 4962 | 56 366 634 595 182 639 753 711 108 918 Spaces Moved 3639 | 46 247 355 317 146 361 611 760 120 676 Core 19 | 12 . . . . 4 . . . 3 Treads . | . . . . . . . . . . Legs 1453 | 34 247 355 317 146 341 . . . 13 Wheels 2167 | . . . . . 16 611 760 120 660 Hover . | . . . . . . . . . . Flight . | . . . . . . . . . . Fastest Speed 50 | 50 120 120 120 120 95 90 90 90 90 Average Speed 116 | 101 120 169 187 120 123 94 90 90 106 Slowest Speed 500 | 120 120 190 190 120 260 115 90 90 500 Overloaded Moves . | . . . . . . . . . . Propulsion Burnouts . | . . . . . . . . . . Robots Hopped . | . . . . . . . . . . Cave-ins Triggered . | . . . . . . . . . . Exploration Rate (%) 42 | 4 60 64 77 43 31 28 81 10 22 Regions Visited 9 Branch Regions 5 Pre-discovered Areas 3 | . . 1 1 1 . . . . . Known Exits Taken 4 | . . . . . 1 1 1 1 . Unknown Exits Taken 5 | 1 1 1 1 1 . . . . . Scrap Searched 7 | . . 1 . 2 . . 4 . . Spaces Dug . | . . . . . . . . . . Terrain Destroyed 356 | . . . . . 64 243 20 . 29 Melee . | . . . . . . . . . . Projectile 4 | . . . . . . . . . 4 AOE 352 | . . . . . 64 243 20 . 25 Terrain Rammed . | . . . . . . . . . . Walls Destroyed . | . . . . . . . . . . Machines Disabled . | . . . . . . . . . . Actions | -11 -10 -10 -10 -9 -8 -7 -7 -7 -6 --------- Run | Jun Mat Min Exi Min Mat Fac Low Low Fac Total 4045 | 55 282 377 319 149 473 716 772 119 783 Wait 64 | . . . . . 13 32 5 . 14 Move 3630 | 45 246 354 316 145 360 610 759 119 676 Hop . | . . . . . . . . . . Pick Up 64 | 6 10 4 . . 16 13 . . 15 Fast Attach 13 | . . 1 . . 8 2 1 . 1 Attach 40 | 4 3 1 . 1 12 8 . . 11 Detach 2 | . . . 1 . . 1 . . . Swap 18 | . 2 3 1 . 5 3 . . 4 Drop 37 | . 1 6 1 . 10 7 . . 12 Fire 168 | . 19 7 . 2 49 40 7 . 44 Melee 4 | . . . . . . . . . 4 Ram 2 | . . . . . . . . . 2 Kick 2 | . 1 1 . . . . . . . Crush . | . . . . . . . . . . Escape Stasis . | . . . . . . . . . . Rewire . | . . . . . . . . . . Trap 1 | . . . . 1 . . . . . Miscellaneous . | . . . . . . . . . . Route ------- -11/Junkyard -10/Materials -10/Mines -10/Exiles (discovered 2 exits: [*Min x2]) -9/Mines -8/Materials -7/Factory -7/Lower Caves -7/Lower Caves -6/Factory (discovered 1 exit: Low) History --------- Turn | Location | Event 2 | -11/Junkyard | Met Revision 17 25 | -11/Junkyard | Discovered new exit (range 15) 57 | -11/Junkyard | Entered Materials 295 | -10/Materials | Discovered new exit (range 11) 317 | -10/Materials | Build established: Mutant 423 | -10/Materials | Entered Mines 428 | -10/Mines | Escorted by a lone wolf Derelict 448 | -10/Mines | Learned location of Storage (-9) 448 | -10/Mines | Learned 2 Materials zone layouts 475 | -10/Mines | Met a Derelict bent on vengeance 478 | -10/Mines | Found the Drone Emporium 487 | -10/Mines | Found Prototype Device 488 | -10/Mines | Identified Thief Drone Bay 1046 | -10/Mines | Deemed a non-threat by the Exiles lab entrance 1048 | -10/Mines | Discovered new exit (range 5) 1057 | -10/Mines | Entered Exiles 1057 | -10/Exiles | Accompanied by 1 ally 1086 | -10/Exiles | Discovered new exit (range 15) 1116 | -10/Exiles | Met 8R-AWN 1145 | -10/Exiles | Met EX-HEX 1219 | -10/Exiles | Met EX-DEC 1232 | -10/Exiles | Learned location of Zion (-6) 1345 | -10/Exiles | Visited The Gauntlet 1641 | -10/Exiles | Discovered new exit (range 10) 1652 | -10/Exiles | Entered Mines 1764 | -9/Mines | Found a hidden stash of uninstalled traps 1790 | -9/Mines | Discovered new exit (range 11) 1834 | -9/Mines | Entered Materials 1834 | -8/Materials | Accompanied by 2 allies 1834 | -8/Materials | Evolved 4 slots: Propulsion x1, Utility x3 1839 | -8/Materials | Led the pair of lost Derelicts to an unsafe place 2072 | -8/Materials | Garrison activated, responded to threat 2292 | -8/Materials | Build established: Scavenger-Mutant 2327 | -8/Materials | Discovered new exit (range 16) 2472 | -8/Materials | Identified exit to Factory 2473 | -8/Materials | Entered Factory 2473 | -7/Factory | Evolved 2 slots: Utility x2 2632 | -7/Factory | Garrison activated, responded to threat 2682 | -7/Factory | Destroyed 9 combat bots 2791 | -7/Factory | Lost 4 parts (1p1n1u1w) 3219 | -7/Factory | Discovered new exit (range 4) 3221 | -7/Factory | Identified exit to Lower Caves 3226 | -7/Factory | Entered Lower Caves 3236 | -7/Lower Caves | Encountered a Warlord checkpoint 3271 | -7/Lower Caves | Attracted the attention of an 0b10 checkpoint 3702 | -7/Lower Caves | Learned location of 1 exit from Factory 3918 | -7/Lower Caves | Discovered new exit (range 8) 3935 | -7/Lower Caves | Identified exit to Lower Caves 3937 | -7/Lower Caves | Entered another Lower Caves area 3942 | -7/Lower Caves | Discovered new exit (range 6) 3947 | -7/Lower Caves | Identified exit to Factory 4045 | -7/Lower Caves | Entered Factory 4045 | -6/Factory | Evolved 2 slots: Utility x2 4046 | -6/Factory | Identified exit to Lower Caves 4263 | -6/Factory | Garrison activated, responded to threat 4328 | -6/Factory | Lost 3 parts (1n1u1w) 4957 | -6/Factory | Core integrity fell below 50% 4963 | -6/Factory | Self-destructed Last Messages --------------- 04937_ Penetrated by Slug. 04937_ Mic. Nuclear Core destroyed. 04938_ H-66 Slayer suffers critical hit (Burn). 04939_ IUQN A&NOB3,H81M|T8F414Y7HFDRY 04943_ Penetrated by Slug. 04946_ ALERT: Cargo convoy en route, clear transfer corridor. 04949_ Slug penetrates Wall. 04953_ Penetrated by Slug. 04953_ Slug penetrates L-41 Fighter. 04953_ EMP Blaster destroyed. 04953_ Trap Extractor destroyed. 04955_ Lance destroyed. 04956_ Slammed into L-41 Fighter. 04956_ Penetrated by Slug. 04956_ H-66 Slayer destroyed. 04957_ Targeting Computer destroyed. 04959_ Slammed into L-41 Fighter. 04960_ System corrupted: Energy discharge (-20). 04960_ Penetrated by Slug. [Achievement: Just Browsing] Map ----- +----------------------------------------------------+ | ???????????# # | | ???????????# = # | | ???????????# =] + | | ???????????# =] # ########### #### | | ???????????# """ ]] # ###########+##?# % | | ???????????? """ # # ! #?# | | ???????????# """ # # ! #?# | | ???????????# # # * #?# | | ??????????# """ """ " + #?# | | ??????????## """ """ # # """ """ #?# | | ?????????????""" """ # # """ """ #?# | | ?????????????? # # """ """ #?# | | ??????????????########### # #?# | | ????????????????????????# % # """ #?# | | ????????????????????????# [ # "" "" """ #?# | | ????????????????????????#=*! # ""S"" """ ### | | ????????????????????????# !! # """" + | | ????????????????????????# ##################+# | | ????????????????????????# #???????????# | | ????????????????????????#Y #???????????# ! | | ????????????????????????# #???????????# | | ????????????????????????# h #???????????# | | ????????????????????????# #???????????# """ " | | ????????????????????????#g #???????????# """ " | | ????????????????????????# = #???????????# """ " | | ???????????????####+#####@Y! #???????????# | | ??????????# ^ lg #???????????# """ " | | ??????????# ^ p #???????????# """ " | | ??????????# ^ #???????????# """ " | | ??????????+ #???????????# | | ??????????# #???????????######## | | ??????????# ###+###########??????????????????? | | ??????????# ??????????????????????????????????? | | ?????????? ????????????????????????????????????? | | ?????????? ??????????????????????????????????????? | | ?????????????????????????????????????????????????? | | ?????????????????????????????????????????????????? | | ?????????????????????????????????????????????????? | | ?????????????????????????????????????????????????? | | ?????????????????????????????????????????????????? | | ?????????????????????????????????????????????????? | | ?????????????????????????????????????????????????? | | ?????????????????????????????????????????????????? | | ?????????????????????????????????????????????????? | | ?????????????????????????????????????????????????? | | ?????????????????????????????????????????????????? | | ?????????????????????????????????????????????????? | | ?????????????????????????????????????????????????? | | ?????????????????????????????????????????????????? | | ?????????????????????????????????????????????????? | +----------------------------------------------------+ Best States ------------- Heat Dissipation 37 Energy Generation 15 Energy Capacity 265 Matter Stores 300 Matter Capacity 300 Sight Range 18 Robot Scan Range 15 Terrain Scan Range 14 Terrain Scan Density 10 Armor Coverage 750 Resistance: KI 20 Resistance: TH 20 Resistance: EX 20 Resistance: EM 20 Resistance: I 20 Resistance: S 20 Resistance: P 20 Evasion (%) 55 Targeting Accuracy 5 Offensive Hacking 10 Item Schematics ----------------- None Robot Schematics ------------------ None Fabricated ------------ Nothing Alien Tech Used ----------------- None Achievements -------------- Just Browsing Challenges ------------ None Game ------ Seed CoilShieldSpear Manual? 0 Play Time 01:22:07 Cumulative 25.3 hours Start 2023.03.07 @ 15:09:12 End 2023.03.07 @ 18:33:34 Sessions 3 Manual Loads 0 Difficulty Adventurer Special Mode None Game No. 19 Rogue 7 Adventurer 12 Explorer 0 Win Type - Total 0 Types 0/0/0/0/0/0/0/0/0 Lore% 9 Gallery% 25 Achievement% 17 Wizard Run 0 Options --------- ASCII 0 Keyboard 0 Movement Mouse Keybinds 0 Fullscreen 1 Font 18/Terminus Map View 76x50 Tactical HUD 1 Map Filters NONE Filters NONE Steam 1 RUN: 07e63f29-44de-4d4e-a0ce-1034111b1405